 Dungeon Crawl Stone Soup version 0.20.1-1-g8b1a95d (webtiles) character file.

613 pstr the Conjurer (level 7, -2/38 HPs)
             Began as a Kobold Conjurer on Nov 10, 2017.
             Was an Initiate of Qazlal.
             Slain by a scorpion (5 damage)
             ... on level 3 of the Dungeon.
             The game lasted 00:28:26 (7631 turns).

pstr the Conjurer (Kobold Conjurer)                 Turns: 7631, Time: 00:28:27

Health: -2/38      AC:  7    Str:  5    XL:     7   Next: 72%
Magic:  12/12      EV: 12    Int: 19    God:    Qazlal [......]
Gold:   140        SH:  0    Dex: 15    Spells: 10/13 levels left

rFire    . . .     SeeInvis .   q - +4 quarterstaff (chaos)
rCold    . . .     Gourm    .   (shield currently unavailable)
rNeg     . . .     Faith    .   e - +1 ring mail
rPois    .         Spirit   .   (no helmet)
rElec    .         Reflect  .   C - +0 cloak
rCorr    .         Harm     .   (no gloves)
MR       .....                  (no boots)
Stlth    ++........             o - amulet of rage
Regen    0.2/turn               g - ring of flight
MPRegen  0.2/turn               (no ring)

@: berserk cooldown, slowed, very slow
A: carnivore 3
a: Renounce Religion, Evoke Berserk Rage, Evoke Flight


You were on level 3 of the Dungeon.
You worshipped Qazlal.
Qazlal was noncommittal.
You were very full.

You visited 1 branch of the dungeon, and saw 5 of its levels.

You collected 140 gold pieces.

Inventory:

Hand Weapons
 d - a -3 club
 h - a +1 short sword of flaming
 i - a +0 short sword
 p - a +0 long sword
 q - a +4 quarterstaff of chaos (weapon)
 r - a -2 falchion
 s - a +0 whip
 u - a +2 vampiric short sword
Missiles
 t - 221 stones (quivered)
Armour
 a - a +0 robe
 e - a +1 ring mail (worn)
 v - a +0 leather armour
 C - a +0 cloak (worn)
Jewellery
 f - a cursed amulet of the gourmand
 g - a ring of flight (left hand)
 o - an amulet of rage (around neck)
Scrolls
 j - 3 scrolls of remove curse
 y - a scroll of fog
Books
 b - a book of Conjurations

   Spells                             Type                      Level
   a - Magic Dart                     Conjuration                  1
   b - Searing Ray                    Conjuration                  2
   c - Dazzling Spray                 Conjuration/Hexes            3
   d - Fulminant Prism                Conjuration/Hexes            4
   e - Force Lance                    Conjuration/Translocation    4
   f - Iskenderun's Mystic Blast      Conjuration                  4
 m - a book of Minor Magic

   Spells                             Type                      Level
   a - Magic Dart                     Conjuration                  1
   b - Blink                          Translocation                2
   c - Call Imp                       Summoning                    2
   d - Slow                           Hexes                        2
   e - Conjure Flame                  Conjuration/Fire             3
   f - Mephitic Cloud                 Conjuration/Poison/Air       3
 w - a book of Misfortune

   Spells                             Type                      Level
   a - Confusing Touch                Hexes                        1
   b - Confuse                        Hexes                        3
   c - Gell's Gravitas                Translocation                3
   d - Petrify                        Transmutation/Earth          4
   e - Metabolic Englaciation         Hexes/Ice                    5
   f - Yara's Violent Unravelling     Hexes/Transmutation          5
Comestibles
 c - 4 meat rations
 n - 3 royal jellies


   Skills:
 + Level 1.3 Fighting
 + Level 1.3 Short Blades
 + Level 0.3(0.5) Maces & Flails
 + Level 0.5(0.6) Staves
 + Level 2.9 Armour
 + Level 3.5 Dodging
 + Level 3.6 Stealth
 + Level 3.9 Spellcasting
 + Level 6.0 Conjurations


You had 10 spell levels left.
You knew the following spells:

 Your Spells              Type           Power        Failure   Level  Hunger
a - Magic Dart            Conj           ####         4%          1    None
b - Searing Ray           Conj           ####..       8%          2    ##.....


Dungeon Overview and Level Annotations

Branches:
Dungeon (5/15)             Temple (0/1) D:4

Altars:
Dithmenos
Gozag
Nemelex Xobeh
Okawaru
Qazlal
Uskayaw
Yredelemnul


Innate Abilities, Weirdness & Mutations

You are small and have problems with some larger weapons.
You are carnivorous and can eat meat at any time.


Message History

* * * LOW HITPOINT WARNING * * *
As you read the scroll of teleportation, it crumbles to dust.
You feel strangely unstable. The kobold hits you but does no damage.
The orc warrior hits you with a flail!
* * * LOW HITPOINT WARNING * * *
The kobold barely misses you. The orc warrior misses you.
The kobold closely misses you.
Your surroundings seem slightly different.
You see here a falchion.
The kobold misses you. The kobold hits you but does no damage.
All of the chunks of flesh in your inventory have rotted away.
There is an open door here.
The kobold hits you.
* * * LOW HITPOINT WARNING * * *
The kobold hits you but does no damage.
You feel a little less clever now. The scorpion stings you.
You die...

#.........####.#.##.# #
#.........# #.#.##.# #
#####)##### #...##.# #
#...)(#######..##.# #
#.....#.....#..##.# #
#....o#.....##.##.# #
#....(#.....##.##.# #
#.....#..o..##..#.# #
#.....'...s@[.....# #
#.....#...K.##....##########
#######.....##.#............
########.#.>##########
#.#.## #)#.# #.#.# #.#.#
#.#.#


You could see an orc warrior, a scorpion and a kobold.

Vanquished Creatures
  A scorpion (D:4)
  A howler monkey (D:3)
  A centaur zombie (D:4)
  A bullfrog zombie (D:4)
  Crazy Yiuf (D:4)
  2 orc wizards (D:4)
  Natasha (D:5)
  An iguana (D:4)
  2 worker ants (D:4)
  2 worker ant zombies (D:4)
  4 gnolls (D:3)
  8 adders
  2 oozes
  An adder zombie (D:4)
  A worm (D:3)
  A dart slug (D:1)
  5 leopard geckos
  15 orcs
  A ball python (D:3)
  10 bats
  6 giant cockroaches
  4 hobgoblins
  11 jackals
  5 frilled lizards
  9 goblins
  A jackal zombie (D:4)
  8 kobolds
  A leopard gecko skeleton (D:4)
  A quokka zombie (D:4)
  14 rats
  A fungus (D:4)
122 creatures vanquished.

Notes
Turn   | Place    | Note
-------+----------+-------------------------------------------
     0 | D:1      | pstr the Kobold Conjurer began the quest for the Orb.
     0 | D:1      | Reached XP level 1. HP: 10/10 MP: 3/3
   342 | D:1      | Reached XP level 2. HP: 15/15 MP: 1/5
   514 | D:1      | Learned a level 2 spell: Searing Ray
   988 | D:1      | Reached XP level 3. HP: 19/19 MP: 2/6
  2062 | D:2      | Found a shadowy altar of Dithmenos.
  2513 | D:2      | Reached skill level 5 in Conjurations
  2513 | D:2      | Reached XP level 4. HP: 24/24 MP: 1/7
  2968 | D:2      | Found an iron altar of Okawaru.
  3916 | D:3      | Reached XP level 5. HP: 23/28 MP: 1/9
  4489 | D:3      | Noticed an orc warrior
  4490 | D:3      | Found a sparkling altar of Nemelex Xobeh.
  4504 | D:3      | Found a transporter.
  4513 | D:3      | Reached skill level 1 in Armour
  4861 | D:3      | Found a transporter.
  5684 | D:3      | Reached XP level 6. HP: 22/33 MP: 0/10
  6072 | D:4      | Reached skill level 1 in Fighting
  6212 | D:4      | Noticed Natasha
  6234 | D:5      | Entered Level 5 of the Dungeon
  6239 | D:5      | Killed Natasha
  6452 | D:4      | Reached skill level 1 in Short Blades
  6570 | D:4      | Found a hide-covered altar of Uskayaw.
  6594 | D:4      | Reached XP level 7. HP: 33/38 MP: 3/12
  6780 | D:4      | Found a stormy altar of Qazlal.
  6792 | D:4      | Became a worshipper of Qazlal Stormbringer
  6928 | D:4      | Found an opulent altar of Gozag.
  6937 | D:4      | Found a basalt altar of Yredelemnul.
  7049 | D:4      | Found a staircase to the Ecumenical Temple.
  7362 | D:4      | Found a runed door.
  7366 | D:4      | Noticed Crazy Yiuf
  7369 | D:4      | Killed Crazy Yiuf
  7610 | D:3      | Reached skill level 6 in Conjurations
  7615 | D:3      | HP: 1/38 [orc warrior/flail (9)]
  7631 | D:3      | Slain by a scorpion

Skill      XL: |  1  2  3  4  5  6  7 |
---------------+----------------------+-----
Conjurations   | 5 6 |  6.0
Spellcasting   | 3 |  3.9
Stealth        | 3 |  3.6
Armour         | 1 2 |  2.9
Dodging        | 3 |  3.5
Fighting       | 1 |  1.3
Short Blades   | 1 |  1.3
Maces & Flails | |  0.3
Staves         | |  0.5

Action                   |  1- 3 |  4- 6 |  7- 9 || total
-------------------------+-------+-------+-------++-------
Melee: Club              |    57 |    59 |       ||   116
       Short sword       |       |    20 |    27 ||    47
       Quarterstaff      |       |       |     5 ||     5
 Cast: Magic Dart        |    19 |    31 |     1 ||    51
       Searing Ray       |    28 |    58 |    14 ||   100
  Use: Scroll            |     1 |     5 |     2 ||     8
       Potion            |       |     3 |     4 ||     7
  Eat: Chunk             |    16 |    18 |     4 ||    38
Armor: Ring mail         |    47 |    92 |    15 ||   154
Dodge: Dodged            |    70 |   166 |    33 ||   269
